 Dungeon Crawl Stone Soup version 0.30.1-9-gdf580d7c3d (webtiles) character file.

Game seed: 1677913523951754916

259 Gabide the Chiller (level 5, -6/37 (41) HPs)
             Began as a Demigod Ice Elementalist on Oct 17, 2023.
             Mangled by a wight
             ... wielding a +3 morningstar of freezing
              (15 damage)
             ... on level 4 of the Dungeon.
             The game lasted 00:07:27 (3864 turns).

Gabide the Chiller (Demigod Ice Elementalist)       Turns: 3864, Time: 00:07:28

HP:   -6/37 (41)    AC:  6    Str:  9    XL:     5   Next: 62%
MP:   15/21         EV: 13    Int: 21    God:
Gold: 159           SH:  0    Dex: 14    Spells: 2/9 levels left

rFire   . . .        a - +1 dagger (speed)
rCold   . . .        (no shield)
rNeg    . . .        c - +1 robe
rPois   .            f - +1 helmet
rElec   .            (no cloak)
rCorr   .            (no gloves)
SInv    .            o - +0 pair of boots
Will    .....        (no amulet)
Stlth   ++           m - ring of magical power
HPRegen 0.26/turn    (no ring)
MPRegen 0.17/turn

%: no passive effects
@: drained
A: high MP 1, forlorn, divine attributes
a: no special abilities


You were on level 4 of the Dungeon.
You visited 1 branch of the dungeon, and saw 4 of its levels.

You collected 159 gold pieces.

Inventory:

Hand Weapons
 a - a +1 dagger of speed (weapon)
 b - a +0 quarterstaff
Missiles
 k - 4 curare-tipped darts
 p - 5 javelins
 q - 8 poisoned darts
Armour
 c - a +1 robe (worn)
 f - a +1 helmet (worn)
 o - a +0 pair of boots (worn)
Jewellery
 m - a ring of magical power (left hand)
Wands
 n - a wand of acid (7)
Scrolls
 g - a scroll of amnesia
 h - 2 scrolls of teleportation
 r - 2 scrolls of poison
 s - a scroll of fear
 t - a scroll of fog
Potions
 d - 2 potions of heal wounds
 e - 3 potions of flight
 i - a potion of berserk rage
 j - 2 potions of magic
 l - 2 potions of curing


   Skills:
 + Level 2.2 Fighting
 - Level 3.0 Dodging
 - Level 3.0 Stealth
 + Level 2.8 Spellcasting
 + Level 4.4 Ice Magic


You had 2 spell levels left.
You knew the following spells:

 Your Spells              Type           Power      Damage    Failure   Level
a - Freeze                Ice            84%        1d9       2%          1
b - Frozen Ramparts       Ice            42%        1d7       7%          3
c - Ozocubu's Armour      Ice            21%        N/A       7%          3

Your spell library contained the following spells:

 Spells                   Type           Power      Damage    Failure   Level
 Shock                    Conj/Air       8%         1d3       14%         1
 Static Discharge         Conj/Air       4%         2-3/arc   21%         2
 Ignite Poison            Fire/Tmut/Pois 2%         N/A       38%         3
 Swiftness                Air            2%         N/A       38%         3
 Summon Ice Beast         Ice/Summ       12%        N/A       50%         4
 Airstrike                Air            1%         2d(1-17)  80%         4
 Animate Dead             Necr           2%         N/A       80%         4
 Sticky Flame             Conj/Fire      2%         2d3       80%         4
 Summon Lightning Spire   Summ/Air       2%         N/A       80%         4
 Borgnjor's Vile Clutch   Necr/Erth      1%         N/A       98%         5
 Iskenderun's Battlesphe  Conj           2%         2d6       98%         5
 Death Channel            Necr           1%         N/A       100%        6
 Iron Shot                Conj/Erth      1%         9d1       100%        6
 Spellforged Servitor     Conj/Summ      1%         N/A       100%        7
 Ignition                 Fire           1%         3d3       100%        8


Dungeon Overview and Level Annotations

Branches:
Dungeon (4/15)
 Temple: D:4-7

Shops:
D:1 =


Innate Abilities, Weirdness & Mutations

You have an increased reservoir of magic. (+10% MP)
You shall have no god before yourself.
Your divine heritage dramatically boosts your attributes as you level up.


Message History

You freeze the wight.
The wight resists.
The wight is lightly damaged.
The wall freezes the wight but does no damage.
The wight resists.
The wall freezes the wight.
The wight barely misses you.
You hit the wight.
The wight is moderately damaged.
The wall freezes the wight but does no damage.
The wight closely misses you.
The wall freezes the wight but does no damage.
The wight closely misses you.
You hit the wight.
The wight is heavily damaged.
You hit the wight but do no damage.
The wight is heavily damaged.
The wall freezes the wight but does no damage.
The wight hits you with a +3 morningstar of freezing!
You feel drained. The wight freezes you.
The wight completely resists.
The wall freezes the wight but does no damage.
The wight misses you.
You closely miss the wight.
The wight is heavily damaged.
The wight completely resists.
The wall freezes the wight but does no damage.
The wight hits you with a +3 morningstar of freezing!
The wight freezes you.
The wight resists.
The wall freezes the wight.
The wight hits you with a +4 long sword of freezing.
You feel drained. The wight freezes you.
Your icy armour and frozen ramparts will break if you move.
Continue?
Your icy armour cracks and falls away as you move.
The frozen ramparts melt away as you move.
Okay, then.
The wight hits you with a +4 long sword of freezing.
* * * LOW HITPOINT WARNING * * *
You feel drained.
* * * LOW HITPOINT WARNING * * *
The wight freezes you.
* * * LOW HITPOINT WARNING * * *
The wight attacks as you move away!
The wight hits you with a +3 morningstar of freezing!
You die...

##### #...# #...#
#...# #...# # #+#
#####.z.#.# ...##.#
#....@z.'.# ...##.#
####.###†..###
...##.#
#.........##
...##.# #.##.#.##.#
...##.###.##.#.##.#
...##......#.#.##.#
...##..##..#.#.##.#
...'...##..#...##..
...##.###..###.####


You could see 2 wights.

Vanquished Creatures
  Jessica (D:3)
  Natasha (thrice) (D:3)
  An orc wizard (D:3)
  3 adders
  4 worms
  11 dart slugs
  5 orcs
  3 bats
  3 endoplasms
  4 giant cockroaches
  A goblin (D:1)
  7 hobgoblins
  3 jackals (D:3)
  2 kobolds
  6 quokkas
  8 ball pythons
  A frilled lizard (D:1)
  6 rats
72 creatures vanquished.

Notes
Turn   | Place    | Note
-------+----------+-------------------------------------------
     0 | D:1      | Gabide the Demigod Ice Elementalist began the quest for the
                  | Orb.
     0 | D:1      | Reached XP level 1. HP: 14/14 MP: 5/5
   294 | D:1      | Reached XP level 2. HP: 22/22 MP: 5/7
  1133 | D:2      | Reached XP level 3. HP: 27/27 MP: 3/8
  1201 | D:2      | Reached skill level 1 in Fighting
  2421 | D:3      | Reached skill level 4 in Ice Magic
  2469 | D:3      | Noticed Jessica
  2469 | D:3      | Noticed Natasha
  2578 | D:3      | Learned a level 3 spell: Frozen Ramparts
  2618 | D:3      | Killed Natasha
  2619 | D:3      | Reached XP level 4. HP: 29/35 MP: 10/10
  2707 | D:3      | Killed Jessica
  2718 | D:3      | Noticed Natasha
  2729 | D:3      | Killed Natasha
  2733 | D:3      | Reached XP level 5. HP: 20/41 MP: 11/11
  2787 | D:3      | Noticed Natasha
  2793 | D:3      | Killed Natasha
  3755 | D:4      | Learned a level 3 spell: Ozocubu's Armour
  3864 | D:4      | Mangled by a wight

Illustrated notes

Levels and vault maps discovered:
D:1:      dpeg_arrival_connections, layout_loops_ring, serial_shops, shop,
          minmay_tall_x
D:2:      kennysheep_six_static_rooms, layout_basic,
          chequers_ecumenical_altar_simple_redux, basic_altar
D:3:      kennysheep_slugbush, layout_basic, grunt_ministairs_13, uniq_jessica,
          uniq_natasha
D:4:      layout_basic, mainiacjoe_overflow_alcove_1

Skill      XL: |  1  2  3  4  5 |
---------------+----------------+-----
Stealth        | 2 3 |  3.0
Dodging        | 2 3 |  3.0
Spellcasting   | 2 |  2.8
Fighting       | 1 2 |  2.2
Ice Magic      | 4 |  4.4

Action                     |  1- 3 |  4- 6 || total
---------------------------+-------+-------++-------
  Melee: Dagger            |     4 |     5 ||     9
         Short sword       |       |     4 ||     4
  Throw: Dart              |     5 |     5 ||    10
   Cast: Freeze            |    79 |    52 ||   131
         Frozen Ramparts   |       |     3 ||     3
         Ozocubu's Armour  |       |     1 ||     1
    Use: Scroll            |     8 |     7 ||    15
 Armour: Robe              |     6 |    16 ||    22
  Dodge: Dodged            |    48 |    38 ||    86
